| TOP OF THE 1ST |
|
Birmingham Barons batting - Pitching for Knoxville Blue Jays : RHP Jack Morris
|
|
Pitching: RHP Jack Morris
|
|
|
Batting: RHB Bob Bathe
|
0-0: Ground out 6-3 (Groundball, 6, EV 83.1 MPH)
|
|
Batting: RHB Tim Hulett
|
0-0: Called Strike 0-1: Ball 1-1: Ball 2-1: Swinging Strike 2-2: Ball 3-2: Strikes out swinging, 2-3 out at first.
|
|
Batting: RHB Bill R Moore
|
0-0: Called Strike 0-1: Ball 1-1: Ball 2-1: Ball 3-1: Swinging Strike 3-2: Foul Ball, location: 2F 3-2: Base on Balls
|
|
Batting: LHB Vernon Ramie
|
0-0: Swinging Strike 0-1: Called Strike 0-2: Ball 1-2: Ball 2-2: Strikes out swinging
|
| Top of the 1st over - 0 runs, 0 hits, 0 errors, 1 left on base; Birmingham 0 - Knoxville 0 |
| BOTTOM OF THE 1ST |
|
Knoxville Blue Jays batting - Pitching for Birmingham Barons : RHP Lucien Buonaiuti
|
|
Pitching: RHP Lucien Buonaiuti
|
|
|
Batting: RHB Alex Taveras
|
0-0: Called Strike 0-1: Ball 1-1: Ball 2-1: Ball 3-1: Base on Balls
|
|
Batting: RHB Jose Canseco
|
0-0: Ball 1-0: Called Strike 1-1: Ball 2-1: Ball 3-1: Called Strike 3-2: Fly out, F8 (Flyball, 8RS, EV 75.0 MPH)
|
|
Batting: RHB Jason Adams
|
0-0: Ball Alex Taveras steals 2nd base (no throw) 1-0: SINGLE (Groundball, 6MD, EV 110.6 MPH) Alex Taveras to third Runner from 3rd tries for Home, SAFE, throw by CF to home
|
|
Batting: RHB Fritzie Connally
|
0-0: Called Strike 0-1: Ball 1-1: Foul Ball, location: 2F 1-2: Foul Ball, location: 2F 1-2: Ball 2-2: Grounds into double play, 6-4-3 (Groundball, 6, EV 85.0 MPH)
|
| Bottom of the 1st over - 1 run, 1 hit, 0 errors, 0 left on base; Birmingham 0 - Knoxville 1 |
| TOP OF THE 2ND |
|
Birmingham Barons batting - Pitching for Knoxville Blue Jays : RHP Jack Morris
|
|
Batting: RHB Anthony Veith
|
0-0: Ball 1-0: Ball 2-0: Ball 3-0: Called Strike 3-1: Fly out, F9 (Flyball, 9S, EV 92.5 MPH)
|
|
Batting: LHB Joe Szekely
|
0-0: Foul Ball, location: 2F 0-1: Ball 1-1: Ball 2-1: DOUBLE (Flyball, 89D, EV 91.9 MPH)
|
|
Batting: RHB Kenneth Patterson
|
0-0: Ball 1-0: Ball 2-0: Foul Ball, location: 2F 2-1: Swinging Strike 2-2: Foul Ball, location: 2F 2-2: DOUBLE (Line Drive, 9LM, EV 108.1 MPH) Joe Szekely scores
|
|
Batting: SHB Giampietro Pasquetto
|
0-0: Ball 1-0: Ball 2-0: Called Strike 2-1: Swinging Strike 2-2: Ball 3-2: Base on Balls
|
|
Batting: RHB Rod Johnson
|
0-0: Ball 1-0: Ball 2-0: Called Strike 2-1: Fly out, F9 (Line Drive, 9D, EV 96.9 MPH)
|
|
Batting: RHB Bob Bathe
|
0-0: Foul Ball, location: 2F 0-1: Ball 1-1: Called Strike 1-2: Strikes out looking
|
| Top of the 2nd over - 1 run, 2 hits, 0 errors, 2 left on base; Birmingham 1 - Knoxville 1 |
| BOTTOM OF THE 2ND |
|
Knoxville Blue Jays batting - Pitching for Birmingham Barons : RHP Lucien Buonaiuti
|
|
Batting: RHB Alex Villalobos
|
0-0: Ball 1-0: Ball 2-0: Ball 3-0: Base on Balls
|
|
Batting: RHB Eugene Pallavicini
|
0-0: Ball 1-0: TRIPLE (Flyball, 89XD, EV 104.4 MPH) Alex Villalobos scores
|
|
Batting: RHB Jerry Royster
|
0-0: Ball 1-0: Ball 2-0: Ball 3-0: Base on Balls
|
|
Batting: RHB Rick Sweet
|
0-0: Ball 1-0: Ball 2-0: Called Strike 2-1: Called Strike 2-2: Ball 3-2: Strikes out swinging
|
|
Batting: LHB Ken Bolek
|
0-0: Called Strike 0-1: Foul Ball, location: 2F 0-2: Fly out, F8 (Flyball, 8LM, EV 84.4 MPH) Runner from 3rd tags up, SCORES, no throw by CF
|
|
Batting: RHB Alex Taveras
|
0-0: Ball 1-0: Fielders Choice at 2nd, 6-4 (Groundball, 6, EV 77.5 MPH)
|
| Bottom of the 2nd over - 2 runs, 1 hit, 0 errors, 1 left on base; Birmingham 1 - Knoxville 3 |
| TOP OF THE 3RD |
|
Birmingham Barons batting - Pitching for Knoxville Blue Jays : RHP Jack Morris
|
|
Batting: RHB Tim Hulett
|
0-0: Swinging Strike 0-1: Reached via error on a dropped throw from C, E3 (Groundball, 15S, EV 68.8 MPH)
|
|
Batting: RHB Bill R Moore
|
0-0: Swinging Strike 0-1: Ball 1-1: Called Strike 1-2: Strikes out swinging
|
|
Batting: LHB Vernon Ramie
|
0-0: Called Strike 0-1: Ball 1-1: Ball 2-1: Swinging Strike 2-2: Ball 3-2: Strikes out swinging Tim Hulett is caught stealing 2nd base 2-6 Batter strikes out.
|
| Top of the 3rd over - 0 runs, 0 hits, 1 error, 0 left on base; Birmingham 1 - Knoxville 3 |
| BOTTOM OF THE 3RD |
|
Knoxville Blue Jays batting - Pitching for Birmingham Barons : RHP Lucien Buonaiuti
|
|
Batting: RHB Jose Canseco
|
0-0: Ball 1-0: Ball 2-0: Ball 3-0: Base on Balls
|
|
Batting: RHB Jason Adams
|
0-0: Swinging Strike 0-1: Ball 1-1: Swinging Strike 1-2: DOUBLE (Line Drive, 9LS, EV 96.9 MPH) Jose Canseco to third Runner from 3rd tries for Home, SAFE, throw by RF to home
|
|
Batting: RHB Fritzie Connally
|
0-0: Ball 1-0: Ball 2-0: SINGLE (Groundball, 4MD, EV 106.9 MPH) Jason Adams to third
|
|
Batting: RHB Alex Villalobos
|
0-0: Ball 1-0: Ball 2-0: Ball 3-0: Base on Balls Fritzie Connally to second
|
|
Batting: RHB Eugene Pallavicini
|
0-0: Ball 1-0: Swinging Strike 1-1: Ball 2-1: Fielders Choice at 2nd, 6-4 (Groundball, 6S, EV 76.9 MPH) Jason Adams scores Fritzie Connally to third
|
|
Batting: RHB Jerry Royster
|
0-0: Foul Ball, location: 2F 0-1: Called Strike 0-2: Ball 1-2: Ball 2-2: Ball 3-2: Strikes out looking Eugene Pallavicini steals 2nd, throwing error, E2 Fritzie Connally scores Eugene Pallavicini to third
|
|
Batting: RHB Rick Sweet
|
0-0: Called Strike 0-1: Called Strike 0-2: Ball 1-2: Ball 2-2: Ball 3-2: Base on Balls
|
|
Batting: LHB Ken Bolek
|
0-0: Called Strike 0-1: Ball 1-1: Ball 2-1: SINGLE (Line Drive, 6MD, EV 99.4 MPH) Eugene Pallavicini scores Rick Sweet to second
|
|
Pitching: LHP Guy Finch
|
|
|
Batting: RHB Alex Taveras
|
0-0: Called Strike 0-1: Foul Ball, location: 2F 0-2: Ball 1-2: Foul Ball, location: 2F 1-2: Reached on error, E5 (Groundball, 56S, EV 91.3 MPH) Rick Sweet to third Ken Bolek to second
|
|
Batting: RHB Jose Canseco
|
0-0: Ball 1-0: Ball 2-0: Foul Ball, location: 2F 2-1: Ball 3-1: Base on Balls Rick Sweet scores Ken Bolek to third Alex Taveras to second
|
|
Batting: RHB Jason Adams
|
0-0: Fly out, F8 (Flyball, 78S, EV 86.3 MPH)
|
| Bottom of the 3rd over - 5 runs, 3 hits, 2 errors, 3 left on base; Birmingham 1 - Knoxville 8 |
| TOP OF THE 4TH |
|
Birmingham Barons batting - Pitching for Knoxville Blue Jays : RHP Jack Morris
|
|
Batting: RHB Anthony Veith
|
0-0: Swinging Strike 0-1: Called Strike 0-2: Ball 1-2: Strikes out swinging
|
|
Batting: LHB Joe Szekely
|
0-0: Ball 1-0: Ground out 4-3 (Groundball, 4, EV 98.8 MPH)
|
|
Pitching: RHP Tom Brennan
|
|
|
Batting: RHB Kenneth Patterson
|
0-0: Ball 1-0: Foul Ball, location: 2F 1-1: Ball 2-1: Ball 3-1: Base on Balls
|
|
Batting: SHB Giampietro Pasquetto
|
0-0: Ball 1-0: Foul Ball, location: 2F 1-1: Foul Ball, location: 2F 1-2: Foul Ball, location: 2F 1-2: Ground out 1-3 (Groundball, 13, EV 65.6 MPH)
|
| Top of the 4th over - 0 runs, 0 hits, 0 errors, 1 left on base; Birmingham 1 - Knoxville 8 |
| BOTTOM OF THE 4TH |
|
Knoxville Blue Jays batting - Pitching for Birmingham Barons : LHP Guy Finch
|
|
Batting: RHB Fritzie Connally
|
0-0: Foul Ball, location: 2F 0-1: Ball 1-1: Ground out 3-1 (Groundball, 13, EV 90.6 MPH)
|
|
Batting: RHB Alex Villalobos
|
0-0: Called Strike 0-1: Ball 1-1: Fly out, F8 (Flyball, 8RD, EV 100.6 MPH)
|
|
Batting: RHB Eugene Pallavicini
|
0-0: Ball 1-0: Ball 2-0: Ball 3-0: Base on Balls
|
|
Batting: RHB Jerry Royster
|
0-0: Fly out, F6 (Flyball, 6D, EV 78.1 MPH)
|
| Bottom of the 4th over - 0 runs, 0 hits, 0 errors, 1 left on base; Birmingham 1 - Knoxville 8 |
| TOP OF THE 5TH |
|
Birmingham Barons batting - Pitching for Knoxville Blue Jays : RHP Tom Brennan
|
|
Batting: RHB Rod Johnson
|
0-0: Ball 1-0: Ball 2-0: Ball 3-0: Base on Balls
|
|
Batting: RHB Bob Bathe
|
0-0: Called Strike 0-1: Foul Ball, location: 2F 0-2: Strikes out swinging
|
|
Batting: RHB Tim Hulett
|
0-0: Ball 1-0: Ball 2-0: Ball 3-0: Base on Balls Rod Johnson to second
|
|
Batting: RHB Bill R Moore
|
0-0: Ball 1-0: Foul Ball, location: 2F 1-1: Foul Ball, location: 2F 1-2: Fly out, F8 (Flyball, 8RM, EV 80.0 MPH)
|
|
Batting: LHB Vernon Ramie
|
0-0: Called Strike 0-1: Ball 1-1: Fly out, F8 (Flyball, 8RM, EV 95.6 MPH)
|
| Top of the 5th over - 0 runs, 0 hits, 0 errors, 2 left on base; Birmingham 1 - Knoxville 8 |
| BOTTOM OF THE 5TH |
|
Knoxville Blue Jays batting - Pitching for Birmingham Barons : LHP Guy Finch
|
|
Batting: RHB Rick Sweet
|
0-0: Ball 1-0: Foul Ball, location: 2F 1-1: Foul Ball, location: 2F 1-2: Ball 2-2: Fly out, F8 (Flyball, 78S, EV 66.9 MPH)
|
|
Batting: LHB Ken Bolek
|
0-0: Reached on error, E4 (Groundball, 4, EV 81.3 MPH)
|
|
Batting: RHB Alex Taveras
|
0-0: Called Strike 0-1: Swinging Strike 0-2: Ball 1-2: Foul Ball, location: 2F 1-2: Ball 2-2: Ground out 6-3 (Groundball, 6, EV 106.3 MPH)
|
|
Batting: RHB Jose Canseco
|
0-0: Foul Ball, location: 2F 0-1: Ball 1-1: Ball 2-1: SINGLE (Flyball, 8RS, EV 98.1 MPH) Ken Bolek to third Runner from 3rd tries for Home, SAFE, throw by CF to home Jose Canseco to second
|
|
Batting: RHB Jason Adams
|
0-0: Ball 1-0: Called Strike 1-1: Ball 2-1: Swinging Strike 2-2: Fly out, F3 (Popup, 3F, EV 70.6 MPH)
|
| Bottom of the 5th over - 1 run, 1 hit, 1 error, 1 left on base; Birmingham 1 - Knoxville 9 |
| TOP OF THE 6TH |
|
Birmingham Barons batting - Pitching for Knoxville Blue Jays : RHP Tom Brennan
|
|
Batting: RHB Anthony Veith
|
0-0: Ball 1-0: Called Strike 1-1: Foul Ball, location: 2F 1-2: Foul Ball, location: 2F 1-2: Ball 2-2: Ball 3-2: Ground out 6-3 (Groundball, 6, EV 91.3 MPH)
|
|
Batting: LHB Joe Szekely
|
0-0: Called Strike 0-1: DOUBLE (Line Drive, 7LD, EV 110.0 MPH)
|
|
Batting: RHB Kenneth Patterson
|
0-0: Ball 1-0: Called Strike 1-1: Swinging Strike 1-2: Foul Ball, location: 2F 1-2: Ball 2-2: Foul Ball, location: 2F 2-2: Strikes out swinging
|
|
Batting: SHB Giampietro Pasquetto
|
0-0: Called Strike 0-1: Swinging Strike 0-2: Foul Ball, location: 2F 0-2: TRIPLE (Flyball, 89XD, EV 98.8 MPH) Joe Szekely scores
|
|
Batting: RHB Rod Johnson
|
0-0: Called Strike 0-1: Ball 1-1: Ball 2-1: Ground out 5-3 (Groundball, 5L, EV 101.9 MPH)
|
| Top of the 6th over - 1 run, 2 hits, 0 errors, 1 left on base; Birmingham 2 - Knoxville 9 |
| BOTTOM OF THE 6TH |
|
Knoxville Blue Jays batting - Pitching for Birmingham Barons : LHP Guy Finch
|
|
Batting: RHB Fritzie Connally
|
0-0: Called Strike 0-1: Ball 1-1: Ball 2-1: Foul Ball, location: 2F 2-2: Ball 3-2: Foul Ball, location: 2F 3-2: Base on Balls
|
|
Pitching: RHP Joe Guerrero
|
|
|
Batting: RHB Alex Villalobos
|
0-0: Ball 1-0: Grounds into double play, 4-6-3 (Groundball, 4, EV 80.6 MPH)
|
|
Batting: RHB Eugene Pallavicini
|
0-0: Called Strike 0-1: Swinging Strike 0-2: Strikes out looking
|
| Bottom of the 6th over - 0 runs, 0 hits, 0 errors, 0 left on base; Birmingham 2 - Knoxville 9 |
| TOP OF THE 7TH |
|
Birmingham Barons batting - Pitching for Knoxville Blue Jays : RHP Tom Brennan
|
|
Pinch Hitting: RHB Robin Townley
|
0-0: Called Strike 0-1: Foul Ball, location: 2F 0-2: Ground out 4-3 (Groundball, 4, EV 78.8 MPH)
|
|
Batting: RHB Tim Hulett
|
0-0: Ball 1-0: Ball 2-0: Swinging Strike 2-1: Swinging Strike 2-2: Foul Ball, location: 2F 2-2: Ball 3-2: Foul Ball, location: 2F 3-2: Base on Balls
|
|
Batting: RHB Bill R Moore
|
0-0: Ball 1-0: Called Strike 1-1: Foul Ball, location: 2F 1-2: Foul Ball, location: 2F 1-2: Ball 2-2: Fly out, F3 (Popup, 34S, EV 76.9 MPH)
|
|
Batting: LHB Vernon Ramie
|
0-0: Ball 1-0: Foul Ball, location: 2F 1-1: Ball 2-1: Fielders Choice at 2nd, 6-4 (Groundball, 6, EV 90.6 MPH)
|
| Top of the 7th over - 0 runs, 0 hits, 0 errors, 1 left on base; Birmingham 2 - Knoxville 9 |
| BOTTOM OF THE 7TH |
|
Knoxville Blue Jays batting - Pitching for Birmingham Barons : RHP Joe Guerrero
|
|
Now at 3B: Robin Townley
|
|
|
Batting: RHB Jerry Royster
|
0-0: SINGLE (Groundball, 56S, EV 66.3 MPH) (infield hit)
|
|
Batting: RHB Rick Sweet
|
0-0: Ball 1-0: Ball 2-0: Called Strike 2-1: Ball 3-1: Foul Ball, location: 2F 3-2: Base on Balls Jerry Royster to second
|
|
Batting: LHB Ken Bolek
|
0-0: Ball 1-0: Called Strike 1-1: Swinging Strike 1-2: Ball 2-2: Ball 3-2: Base on Balls Jerry Royster to third Rick Sweet to second
|
|
Pinch Hitting: RHB Pat Rockett
|
0-0: Swinging Strike 0-1: Ball 1-1: Called Strike 1-2: Ball 2-2: Fielders Choice at 2nd, 6-4 (Groundball, 6, EV 78.8 MPH) Jerry Royster scores Rick Sweet to third
|
|
Batting: RHB Jose Canseco
|
0-0: Ball 1-0: Ball 2-0: Called Strike 2-1: Foul Ball, location: 2F 2-2: Ball 3-2: Base on Balls Pat Rockett to second
|
|
Pitching: RHP Jay Kibbe
|
|
|
Batting: RHB Jason Adams
|
0-0: Ball 1-0: Swinging Strike 1-1: Fly out, F8 (Flyball, 8LXD, EV 95.6 MPH) Runner from 3rd tags up, SCORES, no throw by CF Pat Rockett to third
|
|
Pinch Hitting: LHB Joe Bivins
|
0-0: Called Strike 0-1: Ball 1-1: Called Strike 1-2: Ball 2-2: Ball 3-2: Strikes out swinging
|
| Bottom of the 7th over - 2 runs, 1 hit, 0 errors, 2 left on base; Birmingham 2 - Knoxville 11 |
| TOP OF THE 8TH |
|
Birmingham Barons batting - Pitching for Knoxville Blue Jays : RHP Tom Brennan
|
|
Now at 1B: Joe Bivins
|
|
|
Now at SS: Pat Rockett
|
|
|
Batting: RHB Anthony Veith
|
0-0: SINGLE (Groundball, 3D, EV 108.1 MPH)
|
|
Pitching: RHP Stephen Williams
|
|
|
Batting: LHB Joe Szekely
|
0-0: Ball 1-0: Ball 2-0: Ball 3-0: Called Strike 3-1: Foul Ball, location: 2F 3-2: Strikes out swinging
|
|
Batting: RHB Kenneth Patterson
|
0-0: Called Strike 0-1: Ball 1-1: Foul Ball, location: 2F 1-2: Strikes out looking
|
|
Batting: SHB Giampietro Pasquetto
|
0-0: Called Strike 0-1: Ball 1-1: Foul Ball, location: 2F 1-2: Foul Ball, location: 2F 1-2: Foul Ball, location: 2F 1-2: Ball 2-2: Foul Ball, location: 2F 2-2: Ball 3-2: Foul Ball, location: 2F 3-2: Strikes out swinging
|
| Top of the 8th over - 0 runs, 1 hit, 0 errors, 1 left on base; Birmingham 2 - Knoxville 11 |
| BOTTOM OF THE 8TH |
|
Knoxville Blue Jays batting - Pitching for Birmingham Barons : RHP Jay Kibbe
|
|
Batting: RHB Alex Villalobos
|
0-0: Fly out, F7 (Flyball, 7LM, EV 92.5 MPH)
|
|
Batting: RHB Eugene Pallavicini
|
0-0: Ball 1-0: Ball 2-0: Ball 3-0: Called Strike 3-1: Base on Balls
|
|
Batting: RHB Jerry Royster
|
0-0: SINGLE (Groundball, 4MD, EV 100.0 MPH) Eugene Pallavicini to second
|
|
Batting: RHB Rick Sweet
|
0-0: Ball 1-0: Fly out, F7 (Flyball, 78S, EV 76.3 MPH)
|
|
Batting: LHB Ken Bolek
|
0-0: Ball 1-0: Foul Ball, location: 2F 1-1: Ball 2-1: Swinging Strike 2-2: Ball 3-2: Foul Ball, location: 2F 3-2: Base on Balls Eugene Pallavicini to third Jerry Royster to second
|
|
Batting: RHB Pat Rockett
|
0-0: Swinging Strike 0-1: Ball 1-1: Foul Ball, location: 2F 1-2: Strikes out looking
|
| Bottom of the 8th over - 0 runs, 1 hit, 0 errors, 3 left on base; Birmingham 2 - Knoxville 11 |
| TOP OF THE 9TH |
|
Birmingham Barons batting - Pitching for Knoxville Blue Jays : RHP Stephen Williams
|
|
Pinch Hitting: RHB Timothy Tveit
|
0-0: Ball 1-0: Ball 2-0: Called Strike 2-1: Called Strike 2-2: Ball 3-2: Foul Ball, location: 2F 3-2: Strikes out swinging
|
|
Batting: RHB Robin Townley
|
0-0: Foul Ball, location: 2F 0-1: Ball 1-1: Ball 2-1: Called Strike 2-2: Strikes out swinging
|
|
Batting: RHB Tim Hulett
|
0-0: Swinging Strike 0-1: Called Strike 0-2: Strikes out looking
|
| Top of the 9th over - 0 runs, 0 hits, 0 errors, 0 left on base; Birmingham 2 - Knoxville 11 |
|